 Dungeon Crawl Stone Soup version 0.21-a0-525-ga34b322 (webtiles) character file.

156 KristoblXynda the Charmwright (level 5, -1/41 HPs)
             Began as a Draconian Skald on Dec 7, 2017.
             Was a Follower of Ashenzari.
             Slain by an orc
             ... wielding a +0 flail
              (7 damage)
             ... on level 3 of the Dungeon.
             The game lasted 00:04:17 (2783 turns).

KristoblXynda the Charmwright (Draconian Skald)     Turns: 2783, Time: 00:04:18

Health: -1/41      AC:  5    Str: 14    XL:     5   Next: 15%
Magic:  8/8        EV: 13    Int: 14    God:    Ashenzari [*.....]
Gold:   79         SH:  0    Dex: 10    Spells: 4/8 levels left

rFire    . . .     SeeInvis .   l - +0 flail
rCold    . . .     Gourm    .   (no shield)
rNeg     . . .     Faith    .   (armour unavailable)
rPois    .         Spirit   .   (helmet restricted)
rElec    .         Reflect  .   (no cloak)
rCorr    .         Harm     .   (no gloves)
MR       .....                  (no boots)
Stlth    +.........             (no amulet)
HPRegen  0.13/turn              (no ring)
MPRegen  0.11/turn              (no ring)

@: no status effects
A: unfitting armour, cold-blooded, AC +5
a: Curse Item, Scrying, Renounce Religion


You were on level 3 of the Dungeon.
You worshipped Ashenzari.
Ashenzari was aware of your devotion.
You were very hungry.

You visited 1 branch of the dungeon, and saw 3 of its levels.

You collected 79 gold pieces.

Inventory:

Hand Weapons
 l - a +0 flail (weapon)
Scrolls
 a - a scroll of enchant weapon {unknown}
 f - 2 scrolls of enchant armour {unknown}
 m - a scroll of noise {unknown}
Potions
 e - a potion of berserk rage {unknown}
 h - a potion of lignification {unknown}
 j - a potion of might {unknown}
 k - 2 potions of flight
Books
 b - a book of Battle

   Spells                             Type                      Level
   a - Infusion                       Charms                       1
   b - Shroud of Golubria             Charms/Translocation         2
   c - Song of Slaying                Charms                       2
   d - Spectral Weapon                Hexes/Charms                 3
   e - Regeneration                   Charms/Necromancy            3
Comestibles
 c - 2 bread rations


   Skills:
 - Level 2.1 Fighting
 + Level 3.4 Maces & Flails
 + Level 3.4 Dodging
 - Level 2.0 Spellcasting
 + Level 3.8 Charms


You had 4 spell levels left.
You knew the following spells:

 Your Spells              Type           Power        Failure   Level  Hunger
a - Infusion              Chrm           ##..         4%          1    ##.....
b - Regeneration          Chrm/Necr      #.........   32%         3    ####...


Dungeon Overview and Level Annotations

Branches:
Dungeon (3/15)

Altars:
Ashenzari


Innate Abilities, Weirdness & Mutations

Your plain brown scales are hard. (AC +5)
You cannot fit into any form of body armour.
You are cold-blooded and may be slowed by cold attacks.


Message History

You sock the orc wizard!
You kill the orc wizard!
You have reached level 5!
The orc barely misses you.
You barely miss the orc. The orc hits you with a flail.
* * * LOW HITPOINT WARNING * * *
You hit the orc.
The orc is severely wounded.
The orc closely misses you.
You barely miss the orc.
The orc is severely wounded.
The orc closely misses you.
You closely miss the orc.
The orc is severely wounded.
The orc closely misses you.
Unknown command.
You closely miss the orc.
The orc is severely wounded.
The orc hits you with a flail!
You die...

#......# #......#
#......# ##### #)....)#
#.... #......######...=
#................
########......#....#....
.......o#.#####....#....
#######@#.# #....#....
#)#.# #....##### #)#.#
#....# +.....ooo.......
####..###o#....## ..#
#.###### ..# # #.# ..


You could see an orc.

Vanquished Creatures
  A scorpion (D:3)
  An orc wizard (D:3)
  2 worms (D:2)
  2 dart slugs
  A leopard gecko (D:1)
  3 orcs (D:3)
  A ball python (D:2)
  A bat zombie (D:1)
  2 giant cockroaches
  5 goblins
  7 hobgoblins
  3 jackals (D:2)
  3 kobolds
  3 quokkas (D:2)
  4 bats
  6 frilled lizards
  A leopard gecko zombie (D:1)
  21 rats
67 creatures vanquished.

Notes
Turn   | Place    | Note
-------+----------+-------------------------------------------
     0 | D:1      | KristoblXynda the Draconian Skald began the quest for the Orb.
     0 | D:1      | Reached XP level 1. HP: 17/17 MP: 3/3
   107 | D:1      | Found a shattered altar of Ashenzari.
   113 | D:1      | Became a worshipper of Ashenzari the Shackled
   171 | D:1      | Reached XP level 2. HP: 24/24 MP: 5/5
   854 | D:1      | HP: 1/24 [poisoned by a kobold]
  1471 | D:2      | Reached XP level 3. HP: 29/29 MP: 6/6
  2367 | D:2      | Reached XP level 4. HP: 28/36 MP: 7/7
  2386 | D:2      | Learned a level 3 spell: Regeneration
  2470 | D:2      | Reached * piety under Ashenzari
  2778 | D:3      | Reached XP level 5. HP: 9/41 MP: 8/8
  2783 | D:3      | Slain by an orc

Vault maps used:
D:1:      saegor_arrival_fortress, evilmike_ruin_ashenzari
D:2:      minmay_rat_hole
D:3:      cheibrodos_pilgrimage

Skill      XL: |  1  2  3  4 |
---------------+-------------+-----
Charms         | 3 |  3.8
Dodging        | 3 |  3.4
Maces & Flails | 3 |  3.4
Fighting       | |  2.1
Spellcasting   | |  2.0

Action                   |  1- 3 |  4- 6 || total
-------------------------+-------+-------++-------
Melee: Mace              |   138 |       ||   138
       Tailslap          |    16 |     5 ||    21
       Flail             |    24 |    39 ||    63
  Use: Scroll            |       |     2 ||     2
       Potion            |       |     2 ||     2
 Stab: Sleeping          |     3 |       ||     3
  Eat: Chunk             |     5 |       ||     5
Armor: Skin              |    61 |     7 ||    68
Dodge: Dodged            |   139 |    22 ||   161

Table legend:
 A = Spawn XP
 B = Non-spawn XP
 C = Spawn XP percentage of total XP
 D = Spawn monster count
 E = Non-spawn monster count
 F = Spawn count percentage of total count
 G = Total turns spent on level
                    A         B        C        D         E        F      G
               +---------+---------+-------+---------+---------+-------+---------
         Total |       0 |     224 |   0.0 |       0 |      67 |   0.0 |  2783
               +---------+---------+-------+---------+---------+-------+---------
           D:1 |       0 |      34 |   0.0 |       0 |      20 |   0.0 |  1435
           D:2 |       0 |      65 |   0.0 |       0 |      40 |   0.0 |  1096
           D:3 |       0 |     125 |   0.0 |       0 |       7 |   0.0 |   252
               +---------+---------+-------+---------+---------+-------+---------
